 Dungeon Crawl Stone Soup version 0.29.1-2-gbd0b4ee654 (webtiles) character file.

Game seed: 4585404117867402043

231 Raikaria the Conjurer (level 6, 0/44 HPs)
             Began as a Gnoll Conjurer on Nov 9, 2022.
             Slain by a wraith (12 damage)
             ... in an ossuary.
             The game lasted 00:05:49 (1009 turns).

Raikaria the Conjurer (Gnoll Conjurer)              Turns: 1009, Time: 00:05:49

Health: 0/44       AC:  3    Str:  6    XL:     6   Next: 3%
Magic:  11/13      EV: 13    Int: 19    God:
Gold:   59         SH:  5    Dex: 11    Spells: 12/15 levels left

rFire   + . .      SeeInvis .   c - +0 short sword
rCold   . . .      Faith    .   (no shield)
rNeg    . . .      Spirit   .   a - +0 robe
rPois   .          Reflect  +   (no helmet)
rElec   .          Harm     .   f - +0 cloak
rCorr   .          Rampage  .   (no gloves)
Will    .....                   (no boots)
Stlth   +++.......              k - amulet of reflection
HPRegen 0.14/turn               d - ring of protection from fire
MPRegen 0.13/turn               g - ring of wizardry

@: slowed, very slow
A: fangs 1, strong nose, distributed training
a: no special abilities


You were in an ossuary.
You visited 1 branch of the dungeon, and saw 4 of its levels.
You also visited: Ossuary.

You collected 59 gold pieces.

Inventory:

Hand Weapons
 c - a +0 short sword (weapon)
Armour
 a - a +0 robe (worn)
 f - a +0 cloak (worn)
Jewellery
 d - a ring of protection from fire (left hand)
 g - a ring of wizardry (right hand)
 k - an amulet of reflection (around neck)
Scrolls
 h - a scroll of teleportation {unknown}
 j - a scroll of enchant armour {unknown}
 o - a scroll of magic mapping {unknown}
Potions
 e - a potion of cancellation {unknown}
 i - a potion of curing
 l - a potion of haste {unknown}
 m - 2 potions of mutation {unknown}
 n - a potion of degeneration {unknown}


   Skills:
 + Level 1.8 Fighting
 + Level 1.8 Short Blades
 + Level 1.8 Long Blades
 + Level 1.8 Axes
 + Level 1.8 Maces & Flails
 + Level 1.8 Polearms
 + Level 1.8 Staves
 + Level 1.8 Ranged Weapons
 + Level 1.8 Throwing
 + Level 1.8 Armour
 + Level 4.9 Dodging
 + Level 4.5 Stealth
 + Level 1.8 Shields
 + Level 1.8 Unarmed Combat
 + Level 5.3 Spellcasting
 + Level 7.2 Conjurations
 + Level 1.4 Hexes
 + Level 1.4 Summonings
 + Level 1.4 Necromancy
 + Level 1.4 Translocations
 + Level 1.4 Transmutations
 + Level 1.4 Fire Magic
 + Level 1.4 Ice Magic
 + Level 1.4 Air Magic
 + Level 1.4 Earth Magic
 + Level 1.4 Poison Magic
 + Level 2.0 Invocations
 + Level 1.8 Evocations


You had 12 spell levels left.
You knew the following spells:

 Your Spells              Type           Power      Damage    Failure   Level
a - Magic Dart            Conj           100%       1d8       1%          1
b - Searing Ray           Conj           64%        2d6       1%          2

Your spell library contained the following spells:

 Spells                   Type           Power      Damage    Failure   Level
 Dazzling Flash           Conj/Hex       42%        N/A       2%          3
 Fulminant Prism          Conj/Hex       10%        3d9       9%          4
 Iskenderun's Mystic Bla  Conj/Tloc      21%        2d6       9%          4


Dungeon Overview and Level Annotations

Branches:
Dungeon (4/15)            Ossuary (1/1)
 Temple: D:4-7

Altars:

Annotations:
D:3 3 runed translucent doors


Innate Abilities, Weirdness & Mutations

You have very sharp teeth.
Your uncanny sense of smell can sniff out nearby items.
Your experience applies equally to all skills.


Message History

Press: ? - help, Shift-Dir - straight line, f/p - wraith
Aim: a wraith (heavily damaged, 81% to hit)
The searing ray hits the wraith!
The wraith is severely damaged. (Press . to maintain the ray.)
The wraith barely misses you.
The searing ray hits the wraith but does no damage.
The wraith is severely damaged.
You block the wraith's attack. The wraith closely misses you.
The searing ray hits the wraith.
The wraith is severely damaged.
The wraith completely misses you.
The searing ray misses the wraith.
You finish channelling your searing ray.
The wraith hits you.
* * * LOW HITPOINT WARNING * * *
The wraith closely misses you.
It was a potion of curing.
You feel better. The wraith hits you. Magic courses through your body.
The wraith hits you. The wraith drains your vigour!
You feel as though you will be slow longer.
The wraith hits you.
* * * LOW HITPOINT WARNING * * *
The wraith drains your vigour!
You feel as though you will be slow longer.
Casting: Searing Ray (safe; 1% risk of failure)
Confirm with . or Enter, or press ? or * to list all spells.
Aiming: Searing Ray (safe; 1% risk of failure)
Press: ? - help, Shift-Dir - straight line, f/p - wraith
Aim: a wraith (severely damaged, 81% to hit)
The searing ray misses the wraith. (Press . to maintain the ray.)
The wraith hits you.
* * * LOW HITPOINT WARNING * * *
The wraith drains your vigour!
You feel as though you will be slow longer.
The searing ray hits the wraith.
The wraith is almost destroyed.
The wraith closely misses you. The wraith hits you!
You die...

.....# ...... ....
####. #..# #∆ ...8...
∆#...
####.....####..####
..................
.....# #.........
.....# #.......####
.8...#∆#...8....@W# .#
.....###.......####..#
.....................#
#.#..#.#..#.#........#
#'#..#'#..#'#..####..#
#.#..#.#..#.#...'.# .#
###..###..###..####
................
.................


You could see a wraith.

Vanquished Creatures
  Menkaure (D:4)
  A jelly (D:4)
  A hound (D:4)
  An adder (D:4)
  An ufetubus (D:4)
  3 dart slugs
  3 orcs (D:4)
  5 ball pythons
  2 endoplasms (D:2)
  A goblin (D:1)
  A hobgoblin (D:4)
  2 kobolds
  2 quokkas
  A goblin zombie (Ossuary)
  2 hobgoblin zombies (Ossuary)
  An orc zombie (Ossuary)
  2 rats (D:1)
30 creatures vanquished.

Notes
Turn   | Place    | Note
-------+----------+-------------------------------------------
     0 | D:1      | Raikaria the Gnoll Conjurer began the quest for the Orb.
     0 | D:1      | Reached XP level 1. HP: 13/13 MP: 6/6
   111 | D:2      | Reached XP level 2. HP: 20/20 MP: 2/7
   198 | D:1      | Learned a level 2 spell: Searing Ray
   379 | D:3      | Found a runed translucent gate.
   379 | D:3      | Found a runed translucent gate.
   379 | D:3      | Found a runed translucent gate.
   424 | D:4      | Noticed Menkaure
   430 | D:4      | Killed Menkaure
   431 | D:4      | Reached skill level 1 in Fighting
   431 | D:4      | Reached skill level 1 in Short Blades
   431 | D:4      | Reached skill level 1 in Long Blades
   431 | D:4      | Reached skill level 1 in Axes
   431 | D:4      | Reached skill level 1 in Maces & Flails
   431 | D:4      | Reached skill level 1 in Polearms
   431 | D:4      | Reached skill level 1 in Staves
   431 | D:4      | Reached skill level 1 in Ranged Weapons
   431 | D:4      | Reached skill level 1 in Throwing
   431 | D:4      | Reached skill level 1 in Armour
   431 | D:4      | Reached skill level 1 in Shields
   431 | D:4      | Reached skill level 1 in Unarmed Combat
   431 | D:4      | Reached skill level 5 in Spellcasting
   431 | D:4      | Reached skill level 1 in Hexes
   431 | D:4      | Reached skill level 1 in Summonings
   431 | D:4      | Reached skill level 1 in Necromancy
   431 | D:4      | Reached skill level 1 in Translocations
   431 | D:4      | Reached skill level 1 in Transmutations
   431 | D:4      | Reached skill level 1 in Fire Magic
   431 | D:4      | Reached skill level 1 in Ice Magic
   431 | D:4      | Reached skill level 1 in Air Magic
   431 | D:4      | Reached skill level 1 in Earth Magic
   431 | D:4      | Reached skill level 1 in Poison Magic
   431 | D:4      | Reached skill level 1 in Invocations
   431 | D:4      | Reached skill level 1 in Evocations
   431 | D:4      | Reached XP level 3. HP: 26/26 MP: 1/9
   431 | D:4      | Reached XP level 4. HP: 32/32 MP: 1/11
   431 | D:4      | Reached XP level 5. HP: 37/37 MP: 1/12
   798 | D:4      | Reached XP level 6. HP: 40/44 MP: 9/13
   805 | D:4      | Found a sand-covered staircase.
   815 | Ossuary  | Entered an ossuary
   815 | Ossuary  | Noticed a wraith
   815 | Ossuary  | Noticed a wraith
   815 | Ossuary  | Noticed a wraith
   992 | Ossuary  | Noticed a wraith
  1009 | Ossuary  | Slain by a wraith

Illustrated notes

Levels and vault maps discovered:
D:1:      amcnicky_arrival_single_pillar, layout_basic
D:2:      layout_rooms, hellmonk_ecumenical_altar_prayer_group, uniq_sigmund
D:3:      minmay_spotlight, layout_rooms, ebering_ghost_gozag
D:4:      layout_loops_ring, serial_shops, shop, enter_ossuary_3,
          chequers_hall_statues_corner_a, grunt_ministairs_11, uniq_menkaure,
          uniq_pargi
Ossuary:  ossuary_kennysheep_city_of_the_dead

Skill      XL: |  1  2  3  4  5 |
---------------+----------------+-----
Fighting       | 1 |  1.8
Short Blades   | 1 |  1.8
Long Blades    | 1 |  1.8
Axes           | 1 |  1.8
Maces & Flails | 1 |  1.8
Polearms       | 1 |  1.8
Staves         | 1 |  1.8
Ranged Weapons | 1 |  1.8
Throwing       | 1 |  1.8
Armour         | 1 |  1.8
Shields        | 1 |  1.8
Unarmed Combat | 1 |  1.8
Spellcasting   | 5 |  5.3
Hexes          | 1 |  1.4
Summonings     | 1 |  1.4
Necromancy     | 1 |  1.4
Translocations | 1 |  1.4
Transmutations | 1 |  1.4
Fire Magic     | 1 |  1.4
Ice Magic      | 1 |  1.4
Air Magic      | 1 |  1.4
Earth Magic    | 1 |  1.4
Poison Magic   | 1 |  1.4
Invocations    | 1 2 |  2.0
Evocations     | 1 |  1.8
Dodging        | |  4.9
Stealth        | |  4.5
Conjurations   | |  7.2

Action                   |  1- 3 |  4- 6 || total
-------------------------+-------+-------++-------
Melee: Short sword       |       |     9 ||     9
       Bite              |       |     2 ||     2
 Cast: Magic Dart        |    24 |    20 ||    44
       Searing Ray       |     1 |     6 ||     7
  Use: Potion            |       |     2 ||     2
 Stab: Sleeping          |       |     2 ||     2
Armor: Robe              |     2 |     3 ||     5
Dodge: Dodged            |     3 |    16 ||    19
Block: Other             |       |     1 ||     1
